 Dungeon Crawl Stone Soup version 0.30-a0-586-g23e55c9e0a (webtiles) character file.

Game seed: 13127517603664313435

61 brightshaft the Digger (level 3, -2/26 HPs)
             Began as a Demigod Earth Elementalist on Jan 4, 2023.
             Slain by a gnoll
             ... wielding a +0 spear
              (7 damage)
             ... on level 2 of the Dungeon.
             The game lasted 00:02:44 (1393 turns).

brightshaft the Digger (Demigod Earth Elementalist) Turns: 1393, Time: 00:02:45

Health: -2/26      AC:  2    Str:  9    XL:     3   Next: 58%
Magic:  7/9        EV: 11    Int: 21    God:
Gold:   50         SH:  3    Dex: 14    Spells: 5/6 levels left

rFire   . . .      SeeInvis .    j - +0 long sword
rCold   . . .      Faith    .    e - +0 buckler
rNeg    . . .      Spirit   .    a - +0 robe
rPois   .          Reflect  .    (no helmet)
rElec   .          Harm     .    (no cloak)
rCorr   .          Rampage  .    (no gloves)
Will    .....                    (no boots)
Stlth   ++                       (no amulet)
HPRegen 0.24/turn                (no ring)
MPRegen 0.11/turn                (no ring)

@: no status effects
A: high MP 1, forlorn, divine attributes
a: no special abilities


You were on level 2 of the Dungeon.
You visited 1 branch of the dungeon, and saw 2 of its levels.

You collected 50 gold pieces.

Inventory:

Hand Weapons
 b - a +0 whip
 j - a +0 long sword (weapon)
Armour
 a - a +0 robe (worn)
 e - a +0 buckler (worn)
 k - a +0 ring mail
Jewellery
 f - a +4 ring of protection
Scrolls
 d - a scroll of immolation {unknown}
 g - a scroll of brand weapon {unknown}
 h - a scroll of enchant weapon {unknown}
 l - a scroll of fog {unknown}
 m - 3 scrolls of vulnerability {unknown}
Potions
 c - a potion of flight {unknown}
 i - a potion of curing {unknown}
 n - a potion of might {unknown}


   Skills:
 - Level 1.7 Dodging
 - Level 1.7 Stealth
 + Level 2.4 Spellcasting
 - Level 0.8 Transmutations
 * Level 3.9 Earth Magic


You had 5 spell levels left.
You knew the following spells:

 Your Spells              Type           Power      Damage    Failure   Level
a - Sandblast             Erth           38%        2d10      3%          1

Your spell library contained the following spells:

 Spells                   Type           Power      Damage    Failure   Level
 Passwall                 Tmut/Erth      10%        N/A       11%         2
 Stone Arrow              Conj/Erth      20%        3d8       26%         3
 Ozocubu's Armour         Ice            2%         N/A       50%         3
 Petrify                  Tmut/Erth      12%        N/A       56%         4
 Metabolic Englaciation   Hex/Ice        1%         N/A       99%         5
 Simulacrum               Ice/Necr       1%         N/A       100%        6


Dungeon Overview and Level Annotations

Branches:
Dungeon (2/15)


Innate Abilities, Weirdness & Mutations

You have an increased reservoir of magic. (+10% MP)
You shall have no god before yourself.
Your divine heritage dramatically boosts your attributes as you level up.


Message History

You kill the frilled lizard!
n - a sedimented coppery potion A hobgoblin comes into view.
A hobgoblin is nearby!
A gnoll comes into view. It is wielding a +0 spear.
The gnoll shouts!
The hobgoblin shouts!
You hear a shout!
You hear an angry hiss.
The blast of sand hits the hobgoblin.
The hobgoblin is lightly wounded.
A hobgoblin comes into view.
The blast of sand hits the hobgoblin!
You kill the hobgoblin!
The gnoll throws a throwing net.
The throwing net hits you.
You become entangled in the net!
The gnoll hits you from afar with a +0 spear.
You struggle against the net.
A dart slug comes into view.
The hobgoblin hits you.
The gnoll hits you from afar with a +0 spear.
You struggle against the net.
The hobgoblin hits you. The gnoll barely misses you.
You struggle against the net.
The hobgoblin hits you but does no damage.
The gnoll hits you from afar with a +0 spear.
The dart slug launches a dart at you. The slug dart hits you.
* * * LOW HITPOINT WARNING * * *
You tear a large gash into the net.
The hobgoblin hits you.
* * * LOW HITPOINT WARNING * * *
The gnoll barely misses you.
You rip the net and break free!
The hobgoblin misses you. You block the gnoll's attack.
The hobgoblin attacks as you move away! You block the hobgoblin's attack.
Aiming: Sandblast (safe; 3% risk of failure)
Press: ? - help, Q - select action Shift-Dir - straight line, f - hobgoblin
Aim: a hobgoblin (82% to hit)
The blast of sand hits the hobgoblin!
You kill the hobgoblin!
The gnoll hits you from afar with a +0 spear!
You die...

###..# #.# # #
#... #####...##
#.# ####
.........# # ....
.........# .##.
....
.........####....
###.
................
....
.........##....J
..#.
........†##.#...
#. .....[..@...#
.. ...
#########.### ###
##.g#
#######..###..#
.........w......
.##.##.....##.##
##.#.## .###.. ##
##.


You could see a gnoll.

Vanquished Creatures
  2 adders (D:2)
  A dart slug (D:2)
  A ball python (D:1)
  An endoplasm (D:2)
  A giant cockroach (D:1)
  4 goblins (D:1)
  5 hobgoblins
  7 jackals (D:1)
  4 kobolds
  2 quokkas (D:1)
  3 bats
  5 frilled lizards
  2 rats
38 creatures vanquished.

Notes
Turn   | Place    | Note
-------+----------+-------------------------------------------
     0 | D:1      | brightshaft the Demigod Earth Elementalist began the quest
                  | for the Orb.
     0 | D:1      | Reached XP level 1. HP: 14/14 MP: 5/5
   143 | D:1      | Reached skill level 3 in Earth Magic
   165 | D:1      | Reached XP level 2. HP: 11/20 MP: 4/7
  1174 | D:2      | Reached XP level 3. HP: 26/26 MP: 7/9
  1393 | D:2      | Slain by a gnoll

Illustrated notes

Levels and vault maps discovered:
D:1:      minmay_arrival_solitary_statue, layout_basic,
          minmay_misc_feat_ornament, corner_web_ring,
          kennysheep_decorative_pillar
D:2:      layout_rooms, ebering_ecumenical_altar_petrified,
          ebering_dispersal_statue_hall, minmay_ruptured, uniq_natasha

Skill      XL: |  1 |
---------------+----+-----
Earth Magic    | 3 |  3.9
Spellcasting   | 2 |  2.4
Dodging        | |  1.7
Stealth        | |  1.7
Transmutations | |  0.8

Action                   || total
-------------------------++-------
Melee: Unarmed           ||     6
       Whip              ||    12
       Punch             ||     1
       Long sword        ||    11
 Cast: Sandblast         ||    43
  Use: Potion            ||     1
Armor: Robe              ||    27
Dodge: Dodged            ||    34
Block: Buckler           ||     4

Table legend: (Time is in decaauts)
 A = Elapsed time spent in this place.
 B = Non-inter-level travel time spent in this place.
 C = Inter-level travel time spent in this place.
 D = Time resting spent in this place.
 E = Time spent auto-exploring this place.
 F = Levels seen in this place.
 G = Mean time per level.
                   A        B        C        D        E       F      G
               +--------+--------+--------+--------+--------+-----+--------+
         Total |   1418 |   1381 |     37 |      0 |   1109 |   2 |  709.0 |
       Dungeon |   1418 |   1381 |     37 |      0 |   1109 |   2 |  709.0 |
               +--------+--------+--------+--------+--------+-----+--------+

Top non-repeatable levels by time:
     D:1: 1122 daAuts
     D:2: 296 daAuts
